 Dungeon Crawl Stone Soup version 0.29.1-15-g9cfb28693d (webtiles) character file.

Game seed: 16181567171572342212

744 BigDaddyOpFi the Ruffian (level 7, -1/70 HPs)
             Began as a Troll Fighter on Feb 24, 2023.
             Slain by a gnoll
             ... wielding a +0 whip
             ... led by a gnoll sergeant
              (5 damage)
             ... on level 5 of the Dungeon.
             The game lasted 00:03:55 (3119 turns).

BigDaddyOpFi the Ruffian (Troll Fighter)            Turns: 3119, Time: 00:03:56

Health: -1/70      AC:  5    Str: 28    XL:     7   Next: 47%
Magic:  2/2        EV:  8    Int:  6    God:
Gold:   179        SH: 13    Dex:  9    Spells: 6/6 levels left

rFire   . . .      SeeInvis +   q - +9 mace "Qoikucsi" {antimagic, Fragile rCorr Str+3 SInv}
rCold   . . .      Faith    .   b - +0 kite shield
rNeg    . . .      Spirit   .   a - +1 robe
rPois   .          Reflect  +   (helmet restricted)
rElec   .          Harm     .   (no cloak)
rCorr   +          Rampage  .   (gloves unavailable)
Will    .....                   (boots unavailable)
Stlth   +.........              e - amulet of reflection
HPRegen 1.01/turn               (no ring)
MPRegen 0.08/turn               (no ring)

@: about to teleport
A: large, unfitting armour, claws 3, regeneration 1, shaggy fur 1, tough skin 1
a: no special abilities


You were on level 5 of the Dungeon.
You visited 1 branch of the dungeon, and saw 5 of its levels.

You collected 179 gold pieces.

Inventory:

Hand Weapons
 q - the +9 mace "Qoikucsi" (weapon) {antimagic, Fragile rCorr Str+3 SInv}
   (You found it on level 3 of the Dungeon)

   It reduces the magical energy of the wielder, and disrupts the spells and
   magical abilities of those it strikes.
   Natural abilities and divine invocations are not affected.
   Str:       It affects your strength (+3).
   SInv:      It lets you see invisible.
   rCorr:     It protects you from acid and corrosion.
   Fragile:   It will be destroyed if unequipped.
Missiles
 f - 4 silver javelins (quivered)
Armour
 a - a +1 robe (worn)
 b - a +0 kite shield (worn)
 c - an orb of mayhem
Jewellery
 e - an amulet of reflection (around neck)
Scrolls
 h - a scroll of identify
Potions
 d - 2 potions of attraction
 g - a potion of mutation {unknown}
 j - a potion of brilliance {unknown}
 k - a potion of flight {unknown}
 m - a potion of degeneration {unknown}
 n - a potion of heal wounds {unknown}
 r - a potion of cancellation {unknown}


   Skills:
 + Level 4.1 Fighting
 - Level 2.4 Dodging
 + Level 4.6 Shields
 * Level 6.2 Unarmed Combat


You had 6 spell levels left.
You didn't know any spells.
Your spell library contained the following spells:

 Spells                   Type           Power      Damage    Failure   Level
 Foxfire                  Conj/Fire      0%         2x1d4     75%         1
 Shock                    Conj/Air       0%         1d3       75%         1
 Portal Projectile        Hex/Tloc       0%         N/A       98%         3
 Sticky Flame             Conj/Fire      0%         2d3       100%        4
 Malign Gateway           Summ/Tloc      0%         N/A       100%        7


Dungeon Overview and Level Annotations

Branches:
Dungeon (5/15)
 Temple: D:4-7

Altars:
Cheibriados
Fedhas
Gozag
Makhleb
Trog
Zin

Shops:
D:3 [


Innate Abilities, Weirdness & Mutations

You are too large for most types of armour.
You have claws for hands.
Your natural rate of healing is unusually fast.
You are covered in fur. (AC +1)
You have tough skin. (AC +1)


Message History

You hit the gnoll.
The gnoll is lightly wounded.
The gnoll closely misses you. x2; You block the gnoll's attack.
The gnoll sergeant barely misses you.
You sock the gnoll!
You kill the gnoll!
You block the gnoll's attack. The gnoll hits you with a +0 whip!
The gnoll sergeant hits you from afar with a +0 trident!
You block the gnoll's attack. The gnoll hits you with a +0 whip!
* * * LOW HITPOINT WARNING * * *
The gnoll sergeant hits you from afar with a +0 trident!
* * * LOW HITPOINT WARNING * * *
The gnoll barely misses you.
You are too injured to fight recklessly!
You are too injured to fight recklessly!
You are too injured to fight recklessly!
You are too injured to fight recklessly!
You are too injured to fight recklessly!
You are too injured to fight recklessly!
You are too injured to fight recklessly!
You are too injured to fight recklessly!
You are too injured to fight recklessly!
Unknown command.
It was a potion of curing.
You feel better. The gnoll barely misses you. You block the gnoll's attack.
The gnoll sergeant hits you from afar with a +0 trident!
* * * LOW HITPOINT WARNING * * *
You block the gnoll's attack.
You feel better. The gnoll hits you with a +0 club.
* * * LOW HITPOINT WARNING * * *
The gnoll hits you with a +0 whip.
* * * LOW HITPOINT WARNING * * *
The gnoll sergeant hits you from afar with a +0 trident!
* * * LOW HITPOINT WARNING * * *
The gnoll hits you from afar with a +0 spear.
* * * LOW HITPOINT WARNING * * *
As you read the scroll of teleportation, it crumbles to dust.
You feel strangely unstable. You block the gnoll's attack.
The gnoll hits you with a +0 whip.
You die...

######### ....^.....#
##...#...# .=.....>..#
##.........
#.........#..#.........#
# ........#..#.........#
#. .......#..#.......##≈
...##g..g.....#......#≈≈
#....†gg..........#.#≈.
#.)@..####...#####≈≈
#####....## ####..## ##≈
....#...#####8###..## ##
#...>.#)..#_~~##..# #
.####.......##..≈≈##.# #
......#...####...~~#.####
........## 8_....'..##.
.....)...####...~~#..##.
.##........##..~~##.....


You could see a gnoll sergeant and 3 gnolls.

Vanquished Creatures
  Eustachio (D:4)
  An ogre (D:4)
  A scorpion (D:4)
  A jelly (D:5)
  2 orc priests (D:3)
  2 hounds (D:5)
  Jessica (D:2)
  Terence (D:2)
  2 orc wizards
  Natasha (D:2)
  2 gnolls (D:5)
  Robin (D:4)
  5 adders
  An ufetubus (D:5)
  5 dart slugs
  13 orcs
  2 ball pythons (D:4)
  4 bats
  6 endoplasms
  4 giant cockroaches
  7 hobgoblins
  A quokka (D:4)
  2 frilled lizards
  15 goblins
  9 kobolds
  3 rats (D:1)
93 creatures vanquished.

Vanquished Creatures (others)
  An orc wizard (D:5)
1 creature vanquished.

Grand Total: 94 creatures vanquished

Notes
Turn   | Place    | Note
-------+----------+-------------------------------------------
     0 | D:1      | BigDaddyOpFi the Troll Fighter began the quest for the Orb.
     0 | D:1      | Reached XP level 1. HP: 22/22 MP: 0/0
   169 | D:1      | Found a faded altar of an unknown god.
   183 | D:1      | Got Plato's Commentary on Weather
   265 | D:1      | Reached XP level 2. HP: 29/29 MP: 1/1
   687 | D:2      | Noticed Terence
   698 | D:2      | Killed Terence
   699 | D:2      | Reached skill level 3 in Unarmed Combat
   699 | D:2      | Reached XP level 3. HP: 31/36 MP: 2/2
   807 | D:2      | Noticed Jessica
   811 | D:2      | Killed Jessica
   812 | D:2      | Reached XP level 4. HP: 41/44 MP: 3/3
   861 | D:2      | Noticed Natasha
   865 | D:2      | Killed Natasha
  1179 | D:3      | Reached skill level 4 in Unarmed Combat
  1179 | D:3      | Reached XP level 5. HP: 46/53 MP: 4/4
  1212 | D:3      | Found a blossoming altar of Fedhas.
  1273 | D:3      | Identified the +9 mace "Qoikucsi" {antimagic, Fragile rCorr
                  | Str+3 SInv}
  1276 | D:3      | Identified a scroll of acquirement
  1276 | D:3      | Acquired a +0 hand crossbow of freezing
  1542 | D:3      | Found Eryasew's Armour Shoppe.
  2201 | D:4      | Reached XP level 6. HP: 61/61 MP: 5/5
  2251 | D:4      | Reached skill level 5 in Unarmed Combat
  2294 | D:4      | Noticed Robin
  2295 | D:4      | Noticed Eustachio
  2308 | D:4      | Killed Robin
  2325 | D:4      | Killed Eustachio
  2326 | D:4      | Reached XP level 7. HP: 37/68 MP: 2/6
  2425 | D:4      | Found a bloodstained altar of Trog.
  2531 | D:4      | Got the Meditations on Lethal Wanderlust
  2771 | D:4      | Found a snail-covered altar of Cheibriados.
  2966 | D:5      | Entered Level 5 of the Dungeon
  3002 | D:5      | Reached skill level 6 in Unarmed Combat
  3034 | D:5      | Found a glowing silver altar of Zin.
  3034 | D:5      | Found a burning altar of Makhleb.
  3035 | D:5      | Found an opulent altar of Gozag.
  3116 | D:5      | HP: 3/70 [gnoll sergeant/+0 trident (13)]
  3119 | D:5      | Slain by a gnoll

Illustrated notes

Levels and vault maps discovered:
D:1:      spicycebolla_arrival_xxxplode, layout_rooms,
          shapermc_ecumenical_altar_rom_forum
D:2:      layout_basic, uniq_jessica, uniq_natasha, uniq_terence
D:3:      minmay_chambers_of_threes, layout_basic,
          mainiacjoe_overflow_tiny_flanked, serial_shops, shop,
          kennysheep_crisscross, minivault_24
D:4:      layout_loops_ring, kennysheep_mini, trog_three_pillars_becter,
          uniq_eustachio, uniq_robin, uniq_crazy_yiuf_cottage
D:5:      layout_rooms, gammafunk_temple_overflow_claw,
          mainiacjoe_overflow_alcove_2, kennysheep_small_circle

Skill      XL: |  1  2  3  4  5  6  7 |
---------------+----------------------+-----
Shields        | 3 4 |  4.6
Unarmed Combat | 3 4 5 6 |  6.2
Fighting       | 3 4 |  4.1
Dodging        | |  2.4

Action                   |  1- 3 |  4- 6 |  7- 9 || total
-------------------------+-------+-------+-------++-------
Melee: Unarmed           |    64 |   140 |       ||   204
       Mace              |       |    10 |    38 ||    48
  Use: Scroll            |     3 |     8 |     1 ||    12
       Potion            |       |     1 |     2 ||     3
 Stab: Sleeping          |     1 |       |       ||     1
Armor: Robe              |    15 |    46 |    11 ||    72
Dodge: Dodged            |    22 |    54 |    14 ||    90
Block: Kite shield       |    26 |    84 |    38 ||   148
       Reflection        |       |     1 |     4 ||     5
